 Dungeon Crawl Stone Soup version 0.30-a0-930-gb9d0489357 (webtiles) character file.

Game seed: 17324292224724686746

56 ytrimaz the Chopper (level 3, -3/30 HPs)
             Began as a Demigod Fighter on Mar 23, 2023.
             Slain by an orc
             ... wielding a +0 flail
              (8 damage)
             ... on level 2 of the Dungeon.
             The game lasted 00:01:23 (1601 turns).

ytrimaz the Chopper (Demigod Fighter)               Turns: 1601, Time: 00:01:23

Health: -3/30      AC:  6    Str: 21    XL:     3   Next: 48%
Magic:  5/5        EV:  9    Int: 10    God:
Gold:   161        SH:  4    Dex: 13    Spells: 2/2 levels left

rFire   . . .      SeeInvis .    a - +0 war axe
rCold   . . .      Faith    .    c - +0 buckler
rNeg    . . .      Spirit   .    b - +0 scale mail
rPois   .          Reflect  .    (no helmet)
rElec   .          Rampage  .    (no cloak)
rCorr   .                        (no gloves)
Will    .....                    (no boots) Stlth
                                 k - amulet of magic regeneration
HPRegen 0.25/turn                (no ring)
MPRegen 0.49/turn                (no ring)

@: no status effects
A: high MP 1, forlorn, divine attributes
a: no special abilities


You were on level 2 of the Dungeon.
You visited 1 branch of the dungeon, and saw 2 of its levels.

You collected 161 gold pieces.


Innate Abilities, Weirdness & Mutations

You have an increased reservoir of magic. (+10% MP)
You shall have no god before yourself.
Your divine heritage dramatically boosts your attributes as you level up.


   Skills:
 - Level 2.6 Fighting
 + Level 3.7 Axes
 - Level 2.6 Armour
 - Level 2.6 Shields


You had 2 spell levels left.
You didn't know any spells.
Your spell library contained the following spells:

 Spells                   Type           Power      Damage    Failure   Level
 Freeze                   Ice            0%         1d3       80%         1
 Frozen Ramparts          Ice            0%         1d1       99%         3
 Hailstorm                Conj/Ice       0%         3d3       99%         3
 Stone Arrow              Conj/Erth      0%         3d7       99%         3
 Tukima's Dance           Hex            0%         N/A       99%         3
 Animate Armour           Summ/Erth      0%         N/A       100%        4
 Passage of Golubria      Tloc           0%         N/A       100%        4
 Yara's Violent Unravell  Hex/Tmut       0%         3d3       100%        5
 Lehudib's Crystal Spear  Conj/Erth      0%         10d2      100%        8

Inventory:

Hand Weapons
 a - a +0 war axe (weapon)
Missiles
 l - 2 throwing nets (quivered)
Armour
 b - a +0 scale mail (worn)
 c - a +0 buckler (worn)
Jewellery
 i - an amulet of regeneration
   (You found it on level 2 of the Dungeon)
 k - an amulet of magic regeneration (around neck)
   (You found it on level 1 of the Dungeon)
Wands
 m - a wand of mindburst (12)
   (You found it on level 2 of the Dungeon)
Scrolls
 e - a scroll of fog
 g - a scroll of teleportation {unknown}
 h - a scroll of poison
 j - a scroll of enchant weapon {unknown}
 n - 3 scrolls of amnesia {unknown}
 o - a scroll of identify
Potions
 d - 3 potions of might
 f - a potion of cancellation

Dungeon Overview and Level Annotations

Branches:
Dungeon (2/15) Zot: 10325

...
#.##.##.#
...
#.......#
####.####
#.# #.# #)#
######.#
#..)##.#
#Bo@...#
........####
....#...#
### #####


You could see an orc and a giant cockroach.


Message History

No target in view!
Unknown command.
No target in view!
Key pressed, stopping explore.
No target in view!
Key pressed, stopping explore.
No target in view!
n - 3 scrolls labelled CIWNUY QUEHIOLA An endoplasm comes into view.
The endoplasm quivers.
An endoplasm is nearby!
An endoplasm is nearby!
The endoplasm closely misses you.
An endoplasm is nearby!
You slash the endoplasm!
You kill the endoplasm!
Key pressed, stopping explore.
No target in view!
o - a scroll of identify No target in view!
A hobgoblin comes into view.
The hobgoblin shouts!
The hobgoblin barely misses you.
A hobgoblin is nearby!
A hobgoblin is nearby!
A hobgoblin is nearby!
You barely miss the hobgoblin. The hobgoblin barely misses you.
You block the hobgoblin's attack.
You completely miss the hobgoblin. The hobgoblin barely misses you.
Unknown command.
You hit the hobgoblin.
The hobgoblin hits you but does no damage.
You closely miss the hobgoblin. You block the hobgoblin's attack.
The hobgoblin barely misses you.
You barely miss the hobgoblin. The hobgoblin hits you. 😕 HP[-3]
You take 3 damage, and now have 27/30 hp.
You slash the hobgoblin!
You kill the hobgoblin!
Unknown command. 😕 HP[+1] No target in view!
No target in view!
No target in view!
Key pressed, stopping explore.
No target in view!
You see here a +0 dagger.
An orc and an orc priest come into view.
The orc shouts!
The orc priest shouts!
An endoplasm comes into view.
The orc priest moves out of view.
The endoplasm quivers. 😎 HP[+2]
Your hp is fully restored (30).
There are monsters nearby!
There are monsters nearby!
There are monsters nearby!
The endoplasm closely misses you. You block the orc priest's attack.
The orc barely misses you.
There are monsters nearby!
You slash the orc priest! You slash the endoplasm!
You kill the endoplasm!
The orc priest calls down the wrath of Beogh upon you.
You barely resist.
An orc comes into view. It is wielding a +0 flail.
The orc hits you from afar with a +0 trident.
The orc hits you but does no damage.
The orc priest hits you with a +0 hand axe. 😮 HP[-8]
You take 8 damage, and now have 22/30 hp.
MASSIVE DAMAGE!! (PAUSE)
You are too injured to fight recklessly!
The orc shouts!
The orc priest closely misses you. The orc barely misses you.
You hit the orc priest. You hit the orc but do no damage.
You block the orc priest's attack.
The orc hits you but does no damage. 😕 HP[+1] Unknown command.
You closely miss the orc priest. You slash the orc!
You kill the orc!
A giant cockroach comes into view.
The orc priest hits you with a +0 hand axe. 😮 HP[-4]
You take 4 damage, and now have 19/30 hp.
You barely miss the orc priest.
The orc priest hits you with a +0 hand axe. 😮 HP[-1]
You take 1 damage, and now have 18/30 hp.
You barely miss the orc priest.
The orc priest calls down the wrath of Beogh upon you.
Beogh smites you!
* * * LOW HITPOINT WARNING * * *
The orc closely misses you.
The orc priest barely misses you. 😱 HP[-13]
You take 13 damage, and now have 5/30 hp.
MASSIVE DAMAGE!! (PAUSE)
You hit the orc priest.
You kill the orc priest!
You barely miss the orc. The orc hits you with a +0 flail!
You die...

Skill      XL: |  1  2 |
---------------+-------+-----
Axes           | 2 3 |  3.7
Fighting       | |  2.6
Armour         | |  2.6
Shields        | |  2.6

Action                     || total
---------------------------++-------
  Melee: War axe           ||   112
    Use: Scroll            ||     5
 Armour: Scale mail        ||    68
  Dodge: Dodged            ||    57
  Block: Buckler           ||    35

Levels and vault maps discovered:
D:1:      amcnicky_arrival_choice, layout_loops_corners, basic_ecumenical_altar
D:2:      layout_loops_cross, chequers_serial_rivers_large_b,
          due_unseen_surprise

Notes
Turn   | Place    | Note
-------+----------+-------------------------------------------
     0 | D:1      | ytrimaz the Demigod Fighter began the quest for the Orb.
     0 | D:1      | Reached XP level 1. HP: 18/18 MP: 3/3
     0 | D:1      | magus.rc [v1.9.6]
    72 | D:1      | Reached skill level 2 in Axes
   288 | D:1      | Reached XP level 2. HP: 20/25 MP: 4/4
   628 | D:1      | Reached skill level 3 in Axes
   635 | D:1      | You add the spells Tukima's Dance, Passage of Golubria and
                  | Yara's Violent Unravelling to your library.
   645 | D:1      | You pick up a book of Frost and begin reading...
   645 | D:1      | You add the spells Freeze, Frozen Ramparts and Hailstorm to
                  | your library.
   671 | D:1      | You pick up a book of Armaments and begin reading...
   671 | D:1      | You add the spells Stone Arrow, Animate Armour and
                  | Lehudib's Crystal Spear to your library.
   999 | D:2      | Reached XP level 3. HP: 24/30 MP: 5/5
  1600 | D:2      | HP: 5/30 [orc priest/divine providence (14)]
  1601 | D:2      | Slain by an orc

Vanquished Creatures
  An orc priest (D:2)
  An adder (D:2)
  A dart slug (D:1)
  An orc (D:2)
  7 ball pythons
  6 endoplasms
  4 hobgoblins
  5 jackals
  3 kobolds (D:1)
  3 quokkas
  2 bats (D:1)
  3 frilled lizards (D:1)
  2 rats (D:1)
39 creatures vanquished.

Table legend:
 A = Non-vault XP
 B = Vault XP
 C = Vault XP percentage of total XP
 D = Non-vault monster count
 E = Vault monster count
 F = Vault count percentage of total count
                 A         B        C        D         E       F
            +---------+---------+-------+---------+---------+-------
      Total |     122 |       0 |   0.0 |      39 |       0 |   0.0
            +---------+---------+-------+---------+---------+-------
        D:1 |      40 |       0 |   0.0 |      23 |       0 |   0.0
        D:2 |      82 |       0 |   0.0 |      16 |       0 |   0.0
            +---------+---------+-------+---------+---------+-------

Illustrated notes

Table legend:
 A = Kills in this place as a percentage of kills in the entire game.
 B = Kills by you in this place as a percentage of kills by you in the entire game.
 C = Kills by friends in this place as a percentage of kills by friends in the entire game.
 D = Other kills in this place as a percentage of other kills in the entire game.
 E = Experience gained in this place as a percentage of experience gained in the entire game.
 F = Experience gained in this place divided by the number of levels of this place that you have seen.
                   A       B       C       D       E      F
               +-------+-------+-------+-------+-------+----------------------
         Total | 100.0 | 100.0 |   N/A |   N/A | 100.0 |  61.0
       Dungeon | 100.0 | 100.0 |   N/A |   N/A | 100.0 |  61.0
               +-------+-------+-------+-------+-------+----------------------

Table legend: (Time is in decaauts)
 A = Elapsed time spent in this place.
 B = Non-inter-level travel time spent in this place.
 C = Inter-level travel time spent in this place.
 D = Time resting spent in this place.
 E = Time spent auto-exploring this place.
 F = Levels seen in this place.
 G = Mean time per level.
                   A        B        C        D        E       F      G
               +--------+--------+--------+--------+--------+-----+--------+
         Total |   1673 |   1636 |     37 |      0 |   1305 |   2 |  836.5 |
       Dungeon |   1673 |   1636 |     37 |      0 |   1305 |   2 |  836.5 |
               +--------+--------+--------+--------+--------+-----+--------+

Top non-repeatable levels by time:
     D:1: 962 daAuts
     D:2: 711 daAuts
